 Dungeon Crawl Stone Soup version 0.23-a0-275-g0cf4261 (webtiles) character file.

5128 HoaS the Cruncher (level 10, -2/83 HPs)
             Began as a Formicid Fighter on Oct 2, 2018.
             Was a Follower of Makhleb.
             Slain by a bone dragon (7 damage)
             ... on level 1 of the Abyss.
             The game lasted 00:24:46 (6840 turns).

HoaS the Cruncher (Formicid Fighter)                Turns: 6840, Time: 00:24:47

Health: -2/83      AC: 17    Str: 24    XL:     10   Next: 88%
Magic:  14/14      EV:  9    Int:  8    God:    Makhleb [*.....]
Gold:   464        SH: 12    Dex: 10    Spells: 9/9 levels left

rFire    . . .     SeeInvis +   a - +4 quarterstaff
rCold    . . .     Gourm    .   c - +1 shield
rNeg     . . .     Faith    .   m - +2 scale mail {rPois}
rPois    +         Spirit   .   (helmet unavailable)
rElec    .         Reflect  .   n - +0 cloak
rCorr    .         Harm     .   x - +0 pair of gloves
MR       +....                  (no boots)
Stlth    ..........             (no amulet)
HPRegen  0.00/turn              y - +5 ring of protection
MPRegen  0.14/turn              (no ring)

@: non-regenerating, diseased
A: permanent stasis, dig shafts and tunnels, four strong arms, antennae 3
a: Dig, Shaft Self, Renounce Religion


You were on level 1 of the Abyss.
You worshipped Makhleb.
Makhleb was aware of your devotion.
You were near starving.

You visited 2 branches of the dungeon, and saw 9 of its levels.
You visited the Abyss 1 time.
You also visited: Sewer.

You collected 464 gold pieces.

Inventory:

Hand Weapons
 a - a +4 quarterstaff (weapon)
Armour
 c - a +1 shield (worn)
 m - a +2 scale mail of poison resistance (worn)
 n - a +0 cloak (worn)
 x - a +0 pair of gloves (worn)
Jewellery
 y - a +5 ring of protection (left hand)
 z - an uncursed ring of ice {unknown}
Wands
 b - a wand of paralysis (16)
 s - a wand of polymorph (19)
Scrolls
 d - a scroll of fog
 h - 5 scrolls of enchant armour
 j - 11 scrolls of remove curse
 r - 2 scrolls of amnesia
 u - a scroll of fear
Potions
 e - a potion of cancellation
 g - 5 potions of curing
 i - 4 potions of ambrosia
 k - a potion of might
 l - a potion of haste {unknown}
 o - 2 potions of mutation
 p - 4 potions of flight
 q - 3 potions of heal wounds
 t - 3 potions of agility
 v - a potion of lignification {unknown}
 A - a potion of invisibility {unknown}
Comestibles
 f - 20 rations


   Skills:
 * Level 9.4 Fighting
 * Level 9.5 Staves
 + Level 6.9 Armour
 + Level 7.6 Shields
 + Level 5.5 Invocations


You had 9 spell levels left.
You didn't know any spells.
Your spell library was empty.

Dungeon Overview and Level Annotations

Branches:
Dungeon (8/15)             Temple (1/1) D:4
   Lair: D:8-11

Altars:
Cheibriados
Elyvilon
Fedhas
Gozag
Hepliaklqana
Kikubaaqudgha
Makhleb
Nemelex Xobeh
Okawaru
Qazlal
Ru
Sif Muna
Uskayaw
Vehumet
Xom
Yredelemnul
Zin
The Shining One

Shops:
D:7 [   D:8 %

Annotations:
D:8 vogonpoet's ghost, novice GnSu


Innate Abilities, Weirdness & Mutations

You cannot be hasted, slowed, berserked, paralysed or teleported.
You can dig through walls and to a lower floor.
Your four strong arms can wield two-handed weapons with a shield.
You have a pair of large antennae on your head. (SInv)


Message History

You are feeling very hungry.
The bone dragon bites you but does no damage.
You block the bone dragon's attack. The bone dragon tramples you.
You hold your ground!
You barely miss the hungry ghost.
The hungry ghost is moderately damaged.
The hungry ghost hits you.
You are near starving!
You feel ill. You block the bone dragon's attack.
The bone dragon claws you but does no damage.
The bone dragon tramples you!
You hold your ground!
You hit the hungry ghost.
The hungry ghost is heavily damaged.
You block the hungry ghost's attack.
You sock the hungry ghost!
The hungry ghost is severely damaged.
The bone dragon bites you!
* * * LOW HITPOINT WARNING * * *
The bone dragon claws you!
You die...

#. . . ....# #
...#.. #....# .
. '.. ## . ..
..# ## .
..##.#....
#W......# #@#..
..
#.......D...#
###..##.#......
#.# #..#..###.
# .#.. .x. .
###{.... #
..... ....


You could see a bone dragon, an ancient zyme and a hungry ghost.

Vanquished Creatures
  A shadow wraith (Abyss:1)
  A fire giant skeleton (Abyss:1)
  A troll (D:7)
  Grinder (D:3)
  A hippogriff (D:8)
  3 wraiths (D:8)
  2 hungry ghosts
  A small abomination (Abyss:1)
  An ice beast (D:6)
  2 orc warriors
  3 sky beasts
  A necrophage (D:2)
  2 phantoms
  4 ogres
  A centaur (D:7)
  3 big kobolds
  A water moccasin skeleton (D:8)
  2 scorpions
  4 howler monkeys
  2 centaur zombies
  2 crimson imps (D:6)
  2 quasits
  3 orc priests
  Ijyb (D:3)
  2 centaur skeletons
  3 hounds
  A bullfrog skeleton (D:8)
  An iron imp (Abyss:1)
  6 orc wizards
  4 worker ants
  Terence (D:3)
  A worker ant zombie (D:8)
  10 adders
  A river rat (D:4)
  A shadow imp (D:5)
  3 oozes
  4 worms
  A dart slug (D:1)
  8 leopard geckos
  22 orcs
  2 ball pythons (Sewer)
  10 bats
  11 giant cockroaches
  10 goblins
  11 hobgoblins
  4 jackals (D:6)
  2 quokkas
  4 frilled lizards
  A jackal skeleton (D:5)
  27 kobolds
  A quokka skeleton (D:4)
  27 rats
224 creatures vanquished.

Notes
Turn   | Place    | Note
-------+----------+-------------------------------------------
     0 | D:1      | HoaS the Formicid Fighter began the quest for the Orb.
     0 | D:1      | Reached XP level 1. HP: 18/18 MP: 1/1
   105 | D:1      | Reached XP level 2. HP: 20/24 MP: 2/2
   265 | D:1      | Reached XP level 3. HP: 29/29 MP: 3/3
   516 | D:2      | Noticed a necrophage
   527 | D:2      | Killed a necrophage
   527 | D:2      | Reached skill level 5 in Staves
   527 | D:2      | Reached XP level 4. HP: 21/35 MP: 4/4
   527 | D:2      | Reached XP level 5. HP: 25/41 MP: 5/5
   681 | D:2      | Found a sparkling altar of Nemelex Xobeh.
   736 | D:2      | Found a radiant altar of Vehumet.
  1292 | D:3      | Noticed Grinder
  1309 | D:3      | Killed Grinder
  1309 | D:3      | Reached XP level 6. HP: 48/49 MP: 6/6
  1360 | D:3      | Noticed Ijyb
  1369 | D:3      | Killed Ijyb
  1369 | D:3      | Reached XP level 7. HP: 55/55 MP: 7/7
  1750 | D:3      | Noticed Terence
  1757 | D:3      | Killed Terence
  2127 | D:4      | Found a glowing drain.
  2131 | Sewer    | Entered a sewer
  2166 | Sewer    | Reached skill level 5 in Fighting
  2522 | D:4      | Reached XP level 8. HP: 44/63 MP: 8/8
  2664 | D:4      | Reached skill level 5 in Shields
  2769 | D:4      | Found a sacrificial altar of Ru.
  2866 | D:4      | Found a staircase to the Ecumenical Temple.
  2875 | Temple   | Entered the Ecumenical Temple
  2923 | Temple   | Became a worshipper of Makhleb the Destroyer
  3189 | D:5      | Entered Level 5 of the Dungeon
  3402 | D:5      | Reached skill level 1 in Invocations
  3495 | D:5      | Reached skill level 5 in Armour
  3808 | D:6      | Reached XP level 9. HP: 38/71 MP: 10/10
  4137 | D:6      | Found a basalt altar of Yredelemnul.
  5174 | D:7      | Reached * piety under Makhleb
  5203 | D:7      | Found a blossoming altar of Fedhas.
  5280 | D:7      | Found a white marble altar of Elyvilon.
  5473 | D:7      | Found Jos Soso's Armour Shop.
  5499 | D:7      | Reached XP level 10. HP: 80/80 MP: 13/13
  6254 | D:8      | Found a runed gate.
  6254 | D:8      | Found a runed gate.
  6255 | D:8      | Found a runed gate.
  6263 | D:8      | Noticed vogonpoet's ghost (novice GnSu)
  6510 | D:8      | Found Aravublat's Food Emporium.
  6679 | D:8      | Reached skill level 5 in Invocations
  6700 | D:8      | Cast into level 1 of the Abyss (vogonpoet's ghost)
  6708 | Abyss:1  | Noticed a shadow wraith
  6724 | Abyss:1  | Killed a shadow wraith
  6829 | Abyss:1  | Noticed a bone dragon
  6840 | Abyss:1  | Slain by a bone dragon

Vault maps used:
D:1:      minmay_arrival_doors
D:2:      lemuel_round_altar, vehumet_crystals
D:3:      cheibrodos_greedy_goblins, first_ration, minmay_rat_hole,
          uniq_terence, uniq_grinder, uniq_ijyb
D:4:      lemuel_temple_firewalk_b, gup_sewer_entry_spiral,
          nicolae_ru_great_annihilating_truth
D:6:      yredelemnul_altar_generic, minmay_misc_feat_plants,
          serial_park_tiny_1, minivault_22, due_unseen_surprise
D:7:      elyvilon_altar_5, fedhas_bush_and_centaur_altar, serial_shops,
          nicolae_shop_trees
D:8:      gammafunk_ghost_spectres, serial_shops, nicolae_shop_trees
Temple:   cyrus_circular_temple
Sewer:    kennysheep_pipe_town

Skill      XL: |  1  2  3  4  5  6  7  8  9 10 |
---------------+-------------------------------+-----
Staves         | 3 5 6 7 8 9 |  9.5
Fighting       | 4 5 6 8 9 |  9.4
Shields        | 4 5 6 7 |  7.6
Armour         | 4 5 6 |  6.9
Invocations    | 2 4 5 |  5.5

Action                   |  1- 3 |  4- 6 |  7- 9 | 10-12 || total
-------------------------+-------+-------+-------+-------++-------
Melee: Quarterstaff      |    74 |    74 |   521 |   158 ||   827
  Use: Scroll            |     7 |     3 |    14 |       ||    24
       Potion            |       |     1 |     1 |       ||     2
 Stab: Paralysed         |       |       |     2 |       ||     2
  Eat: Chunk             |       |     2 |    15 |     5 ||    22
Armor: Scale mail        |    28 |    22 |   138 |    38 ||   226
Dodge: Dodged            |    17 |    15 |   129 |    27 ||   188
Block: Shield            |    32 |    29 |   286 |    83 ||   430

Table legend:
 A = Non-vault XP
 B = Vault XP
 C = Vault XP percentage of total XP
 D = Non-vault monster count
 E = Vault monster count
 F = Vault count percentage of total count
                 A         B        C        D         E       F
            +---------+---------+-------+---------+---------+-------
      Total |    5840 |    1486 |  20.3 |     155 |      69 |  30.8
            +---------+---------+-------+---------+---------+-------
        D:1 |      30 |       0 |   0.0 |      16 |       0 |   0.0
        D:2 |     183 |       0 |   0.0 |      23 |       0 |   0.0
        D:3 |      46 |     412 |  90.0 |      16 |      32 |  66.7
        D:4 |     344 |      76 |  18.1 |      21 |       9 |  30.0
        D:5 |     853 |       0 |   0.0 |      15 |       0 |   0.0
        D:6 |     775 |       0 |   0.0 |      19 |       0 |   0.0
        D:7 |    1375 |     118 |   7.9 |      29 |       1 |   3.3
        D:8 |     757 |     647 |  46.1 |      11 |       3 |  21.4
    Abyss:1 |    1477 |       0 |   0.0 |       5 |       0 |   0.0
      Sewer |       0 |     233 | 100.0 |       0 |      24 | 100.0
            +---------+---------+-------+---------+---------+-------
